 Dungeon Crawl Stone Soup version 0.25-a0-705-ge9988fc0fb (webtiles) character file.

Game seed: 18223882752277477718, levelgen mode: deterministic

157 Maedhros the Charlatan (level 5, -16/33 HPs)
             Began as an Octopode Artificer on Apr 4, 2020.
             Killed from afar by Ijyb (27 damage)
             ... with a bolt of acid
             ... on level 5 of the Dungeon.
             The game lasted 00:02:45 (1294 turns).

Maedhros the Charlatan (Octopode Artificer)         Turns: 1294, Time: 00:02:46

Health: -16/33     AC:  1    Str: 12    XL:     5   Next: 38%
Magic:  8/8        EV: 10    Int: 13    God:
Gold:   63         SH: 11    Dex: 13    Spells: 4/4 levels left

rFire    . . .     SeeInvis .   p - +1 dagger (protect)
rCold    . . .     Gourm    .   j - +0 tower shield
rNeg     . . .     Faith    .   (helmet restricted)
rPois    .         Spirit   .   (no amulet)
rElec    .         Reflect  .   (no ring)
rCorr    .         Harm     .   (no ring)
MR       .....                  (no ring)
Stlth    +++.......             (no ring)
HPRegen  0.11/turn              (no ring)
MPRegen  0.11/turn              (no ring)
                                (no ring)
                                (no ring)

@: no status effects
A: almost no armour, stealthy swim, amphibious, 8 rings, constrict 8, camouflage
1, gelatinous body 1
a: no special abilities


You were on level 5 of the Dungeon.
You were not hungry.

You visited 1 branch of the dungeon, and saw 5 of its levels.

You collected 63 gold pieces.

Inventory:

Hand Weapons
 a - a +0 short sword
 h - a +1 vampiric whip
 p - a +1 dagger of protection (weapon)
Armour
 j - a +0 tower shield (worn)
Jewellery
 g - an uncursed amulet of faith {unknown}
Wands
 b - a wand of flame (14)
 c - a wand of enslavement (13)
 d - a wand of random effects (13)
 r - a wand of clouds (3)
Scrolls
 i - 3 scrolls of blinking {unknown}
 k - a scroll of fog {unknown}
 l - a scroll of remove curse {unknown}
 n - 2 scrolls of identify {unknown}
 o - a scroll of teleportation {unknown}
 q - a scroll of random uselessness {unknown}
 u - a scroll of enchant armour {unknown}
Potions
 e - 4 potions of heal wounds {unknown}
 m - 2 potions of curing
 s - 2 potions of magic {unknown}
Comestibles
 f - 5 rations
 t - a chunk of flesh


   Skills:
 - Level 1.0 Fighting
 - Level 1.0 Short Blades
 * Level 3.3 Dodging
 + Level 3.5 Stealth
 * Level 2.3 Shields
 + Level 4.2 Evocations


You had 4 spell levels left.
You didn't know any spells.
Your spell library was empty.

Dungeon Overview and Level Annotations

Branches:
Dungeon (5/15)
 Temple: D:4-7

Altars:
Dithmenos
Uskayaw
Xom
Yredelemnul

Annotations:
D:5 Ijyb


Innate Abilities, Weirdness & Mutations

You cannot wear most types of armour.
You are very stealthy in the water. (Stealth+)
You are amphibious.
You can wear up to eight rings at the same time.
You can use your tentacles to constrict eight enemies at once.
Your skin changes colour to match your surroundings (Stealth+).
Your rubbery body absorbs attacks. (AC +1, EV +1)


Message History

t - Shout!
Orders for allies: a - Attack new target. p - Attack previous target. r - Retreat! s - Stop attacking. g - Guard the area. f - Follow me.
Anything else - Cancel.
Follow me!
You start resting.
Ijyb is no longer charmed.
You can no longer detect the Ijyb.
Something hits you.
Deactivating autopickup; reactivate with Ctrl-A.
Evoke which item? (* to show all) (? for menu, Esc to quit)
Aiming: Random Effects
Press: ? - help, Shift-Dir - straight line, f - you The mass of ice explodes!
The iceblast engulfs something!!
The iceblast engulfs you!
You hear an angry hiss.
You hear a zap.
A bolt of acid appears from out of thin air!
The bolt of acid hits you!!
Ouch! That really hurt!
You die...

##### #.. .....##.# ####
......#.###......
...................
....................
..................# .
#...._..........#
....###.)............?.
.......@รท..............
......................
....................#
.#?..............#+##
#...............#+#####
#......................
#..................####
#.....####........##..#
#..........##.....#....


There were no monsters in sight!

Vanquished Creatures
  A bullfrog skeleton (D:5)
  Terence (D:3)
  4 adders
  3 gnolls (D:5)
  A shadow imp (D:5)
  2 bats (D:1)
  5 hobgoblins
  4 jackals (D:3)
  A jackal skeleton (D:4)
  3 kobolds
  4 rats
29 creatures vanquished.

Vanquished Creatures (collateral kills)
  2 adders (D:3)
  2 rats (D:3)
4 creatures vanquished.

Grand Total: 33 creatures vanquished

Notes
Turn   | Place    | Note
-------+----------+-------------------------------------------
     0 | D:1      | Maedhros the Octopode Artificer began the quest for the
                  | Orb.
     0 | D:1      | Reached XP level 1. HP: 13/13 MP: 3/3
   431 | D:1      | Reached XP level 2. HP: 11/18 MP: 4/4
   782 | D:2      | Reached XP level 3. HP: 14/23 MP: 5/5
   816 | D:2      | Reached skill level 1 in Shields
   991 | D:2      | Found a basalt altar of Yredelemnul.
  1002 | D:3      | Noticed Terence
  1008 | D:3      | Killed Terence
  1008 | D:3      | Reached XP level 4. HP: 21/28 MP: 6/6
  1022 | D:3      | Reached skill level 4 in Evocations
  1171 | D:5      | Entered Level 5 of the Dungeon
  1204 | D:5      | Reached XP level 5. HP: 31/33 MP: 8/8
  1214 | D:5      | Found a shimmering altar of Xom.
  1214 | D:5      | Found a hide-covered altar of Uskayaw.
  1237 | D:5      | Found a shadowy altar of Dithmenos.
  1266 | D:5      | Noticed Ijyb
  1294 | D:5      | Killed from afar by Ijyb

Levels and vault maps discovered:
D:1:      minmay_arrival_loop, layout_rooms, minmay_3d_cube
D:2:      layout_loops_ring, lemuel_coloured_pillars_altar, lemuel_doored_altar,
          lemuel_round_altar, okawaru_trees_1
D:3:      layout_rooms, gammafunk_ghost_mausoleum, uniq_natasha, uniq_terence,
          uniq_jessica
D:4:      layout_loops_cross, lemuel_round_altar, first_ration
D:5:      layout_basic, gammafunk_temple_overflow_pools,
          overflow_temple_1_default, nicolae_gozag_seed_capital, uniq_eustachio,
          uniq_ijyb

Skill      XL: |  1  2  3  4 |
---------------+-------------+-----
Stealth        | 2 3 |  3.5
Shields        | 1 2 |  2.3
Evocations     | 4 |  4.2
Dodging        | 3 |  3.3
Fighting       | |  1.0
Short Blades   | |  1.0

Action                   |  1- 3 |  4- 6 || total
-------------------------+-------+-------++-------
Melee: Short sword       |    36 |       ||    36
       Constrict         |    14 |    12 ||    26
       Tentacles         |     9 |     9 ||    18
       Dagger            |     6 |    39 ||    45
Evoke: Wand              |     2 |     3 ||     5
 Stab: Sleeping          |     3 |     1 ||     4
  Eat: Chunk             |       |     1 ||     1
Armor: Skin              |     1 |    14 ||    15
Dodge: Dodged            |    16 |    12 ||    28
Block: Tower shield      |     8 |    25 ||    33

Table legend:
 A = Non-vault XP
 B = Vault XP
 C = Vault XP percentage of total XP
 D = Non-vault monster count
 E = Vault monster count
 F = Vault count percentage of total count
                 A         B        C        D         E       F
            +---------+---------+-------+---------+---------+-------
      Total |     188 |      37 |  16.4 |      31 |       2 |   6.1
            +---------+---------+-------+---------+---------+-------
        D:1 |      16 |       1 |   5.9 |      10 |       1 |   9.1
        D:2 |      31 |       0 |   0.0 |       4 |       0 |   0.0
        D:3 |      34 |      36 |  51.4 |      10 |       1 |   9.1
        D:4 |       1 |       0 |   0.0 |       1 |       0 |   0.0
        D:5 |     106 |       0 |   0.0 |       6 |       0 |   0.0
            +---------+---------+-------+---------+---------+-------
